 Dungeon Crawl Stone Soup version 0.29.1-15-g9cfb28693d (webtiles) character file.

Game seed: 16035538643997918105

202 adizb the Cudgeller (level 5, -1/44 HPs)
             Began as a Palentonga Fighter on Apr 23, 2023.
             Slain by a lemure (4 damage)
             ... led by Pikel
             ... on level 4 of the Dungeon.
             The game lasted 00:09:53 (1878 turns).

adizb the Cudgeller (Palentonga Fighter)            Turns: 1878, Time: 00:09:54

Health: -1/44      AC: 14    Str: 24    XL:     5   Next: 50%
Magic:  5/5        EV:  5    Int:  8    God:
Gold:   210        SH:  5    Dex:  9    Spells: 4/4 levels left

rFire   . . .      SeeInvis +   a - +0 flail
rCold   . . .      Faith    .   t - +1 buckler {AC+3}
rNeg    . . .      Spirit   .   d - +0 chain mail {rPois}
rPois   +          Reflect  .   (no helmet)
rElec   .          Harm     .   e - +2 cloak
rCorr   .          Rampage  .   (no gloves)
Will    .....                   (no barding)
Stlth   ..........              o - amulet of the acrobat
HPRegen 0.14/turn               u - ring of flight
MPRegen 0.09/turn               (no ring)

@: mighty, attractive, flying, invisible
A: large, rugged brown scales 3, see invisible, deformed body, roll 1, armoured
tail
a: Rolling Charge


You were on level 4 of the Dungeon.
You visited 1 branch of the dungeon, and saw 4 of its levels.

You collected 210 gold pieces.

Inventory:

Hand Weapons
 a - a +0 flail (weapon)
 v - a +0 war axe
Armour
 d - a +0 chain mail of poison resistance (worn)
 e - a +2 cloak (worn)
 t - a +1 buckler of protection (worn)
Jewellery
 o - an amulet of the acrobat (around neck)
 u - a ring of flight (left hand)
Wands
 c - a wand of flame (22)
 p - a wand of mindburst (11)
Scrolls
 b - a scroll of blinking {unknown}
 f - 2 scrolls of fog {unknown}
 i - a scroll of enchant armour {unknown}
 k - a scroll of magic mapping {unknown}
 l - 2 scrolls of teleportation {unknown}
 n - a scroll of summoning {unknown}
 s - a scroll of poison
Potions
 g - a potion of lignification {unknown}
 h - a potion of cancellation {unknown}
 m - a potion of invisibility
 q - a potion of mutation {unknown}
 w - a potion of haste {unknown}


   Skills:
 + Level 3.8 Fighting
 * Level 3.9 Maces & Flails
 + Level 3.1 Armour
 + Level 3.5 Shields


You had 4 spell levels left.
You didn't know any spells.
Your spell library was empty.

Dungeon Overview and Level Annotations

Branches:
Dungeon (4/15)
 Temple: D:4-7

Altars:
Fedhas
Qazlal

Annotations:
D:4 Pikel


Innate Abilities, Weirdness & Mutations

You are completely covered in rugged brown scales. (AC +3, +7% HP)
You have supernaturally acute eyesight. (SInv)
Armour fits poorly on your strangely shaped body.
You can roll at nearby foes to attack.
You have a long armoured tail.


Message History

Pikel is heavily wounded.
Pikel hits you with a +2 whip of flaming.
Pikel burns you.
* * * LOW HITPOINT WARNING * * *
You closely miss Pikel.
Pikel is heavily wounded.
Pikel hits you with a +2 whip of flaming.
* * * LOW HITPOINT WARNING * * *
Pikel burns you.
* * * LOW HITPOINT WARNING * * *
You barely miss Pikel.
Your tail-slap misses Pikel.
Pikel is heavily wounded.
Pikel hits you with a +2 whip of flaming.
* * * LOW HITPOINT WARNING * * *
Pikel burns you.
* * * LOW HITPOINT WARNING * * *
Pikel hits you but does no damage.
An adder comes into view.
Okay, then.
Okay, then.
The adder hisses angrily.
You sock Pikel!
Your tail-slap misses Pikel.
Pikel is severely wounded.
Pikel barely misses you.
You closely miss Pikel.
Pikel is severely wounded.
You block Pikel's attack.
It was a potion of invisibility.
You fade into invisibility!
You block Pikel's attack.
Okay, then.
You hit Pikel.
Pikel is almost dead.
You block Pikel's attack.
You closely miss Pikel.
Pikel is almost dead.
It was a potion of attraction.
You feel attractive to monsters. The lemure hits you.
You die...

#.# #.# .#
#.###.###.#
#.........#
#.###.##..#
#.........####
######....K..+
##S5.####
##5## #@# #.#
#†# #.# #.#
#.#######.#
#........#
##^.§####.#
#≈≈#≈.#


You could see Pikel (unable to see you), 2 lemures and an adder (unable to see
you).

Vanquished Creatures
  2 lemures (D:4)
  A scorpion (D:4)
  2 orc wizards (D:3)
  2 adders
  5 dart slugs
  3 orcs (D:3)
  5 bats
  2 endoplasms
  2 giant cockroaches (D:3)
  6 goblins
  4 hobgoblins
  11 jackals
  A quokka (D:3)
  8 ball pythons
  3 frilled lizards
  5 kobolds
  4 rats
  A butterfly (D:1)
67 creatures vanquished.

Vanquished Creatures (others)
  3 fungi (D:4)
  3 plants (D:4)
6 creatures vanquished.

Grand Total: 73 creatures vanquished

Notes
Turn   | Place    | Note
-------+----------+-------------------------------------------
     0 | D:1      | adizb the Palentonga Fighter began the quest for the Orb.
     0 | D:1      | Reached XP level 1. HP: 19/19 MP: 1/1
   320 | D:1      | Reached XP level 2. HP: 25/25 MP: 2/2
   452 | D:1      | Found a faded altar of an unknown god.
  1005 | D:2      | Reached XP level 3. HP: 31/31 MP: 3/3
  1200 | D:3      | Reached XP level 4. HP: 21/37 MP: 4/4
  1693 | D:4      | Noticed a scorpion
  1700 | D:4      | Killed a scorpion
  1701 | D:4      | Reached XP level 5. HP: 42/44 MP: 5/5
  1776 | D:4      | Found a blossoming altar of Fedhas.
  1783 | D:4      | Found a stormy altar of Qazlal.
  1823 | D:4      | Noticed a lemure
  1823 | D:4      | Noticed a lemure
  1845 | D:4      | Killed a lemure
  1853 | D:4      | Killed a lemure
  1859 | D:4      | Noticed Pikel
  1860 | D:4      | Noticed a lemure
  1866 | D:4      | Noticed a lemure
  1872 | D:4      | HP: 2/44 [Pikel/+2 whip of flaming (2)]
  1878 | D:4      | Slain by a lemure

Illustrated notes

Levels and vault maps discovered:
D:1:      co_arrival_square_in_a_square_in_a_square, layout_loops_cross,
          hellmonk_ecumenical_altar_inner_sanctum, minmay_strange_pillars,
          hangedman_glass_garden
D:2:      layout_loops_ring
D:3:      layout_basic
D:4:      cheibrodos_barr_body, layout_loops_corners,
          grunt_temple_overflow_forces_of_nature, uniq_pikel

Skill      XL: |  1  2  3  4 |
---------------+-------------+-----
Shields        | 3 |  3.5
Maces & Flails | 3 |  3.9
Armour         | 3 |  3.1
Fighting       | |  3.8

Action                   |  1- 3 |  4- 6 || total
-------------------------+-------+-------++-------
Melee: Flail             |    82 |    83 ||   165
       Tailslap          |     8 |     8 ||    16
 Abil: Rolling Charge    |    25 |    20 ||    45
  Use: Potion            |     1 |     3 ||     4
       Scroll            |       |     2 ||     2
Armor: Scale mail        |    38 |     8 ||    46
       Chain mail        |       |    33 ||    33
Dodge: Dodged            |    28 |    21 ||    49
Block: Buckler           |    16 |    14 ||    30
